AoeStats
← QNa_NguaHoang

Black Forest

508612359Analyzed
4v4 RM · 8d ago on Sep 23, 2026· 48m 9s· 8 players
Game mode
Random Map
Map size
Large (8 player)
Population
200
Speed
Normal
Resources
Standard
Victory
Conquest
Starting age
Dark Age
Ending age
Imperial Age
RankedLock teamsTeams togetherTeam positionsShared explorationLock speedFull tech treeHidden civsTurbo modeCheats
Victory
Defeat
🇻🇳 Bohemians · Vietnam
1265
+17
🇨🇳 Mapuche · China
1241
+18
🇨🇳 Goths · China
1194
+20
🇨🇳 Danes · China
1181
+20
🇮🇳 Khmer · India
1317
-20
🇨🇳 Persians · China
1302
-21
🇫🇷 Burgundians · France
1299
-19
🇦🇺 Britons · Australia
1189
-15
Yo win
0:37 Loom
11:09 Feudal Age
13:43 Double-Bit Axe
16:00 Castle Age
15:50 Horse Collar
17:09 Bow Saw
18:37 Wheelbarrow
22:07 Sanctity
31:51 Imperial Age
29:38 Fletching
29:51 Padded Archer Armor
30:07 Gold Mining
30:18 Heavy Plow
32:05 Leather Archer Armor
32:05 Fletching
33:45 Chemistry
33:11 Hand Cart
34:15 Stone Mining
34:56 Crop Rotation
35:03 Gold Shaft Mining
36:06 Devotion
36:16 Fervor
36:28 Scale Mail Armor
37:05 Masonry
37:42 Theocracy
39:07 Faith
40:09 Theocracy
41:01 Siege Engineers
41:33 Elite Bolas Rider
42:45 Bodkin Arrow
43:21 Ring Archer Armor
46:13 Conscription
45:36 Treadmill Crane
46:18 Ballistics
showland_wolf
1:38 Loom
13:30 Feudal Age
14:36 Horse Collar
14:44 Double-Bit Axe
18:53 Castle Age
18:04 Stone Mining
18:07 Gold Mining
21:23 Bow Saw
21:28 Heavy Plow
25:25 Wheelbarrow
24:40 Town Watch
30:57 Imperial Age
29:07 Squires
28:28 Pikeman
29:52 Hand Cart
30:22 Stone Shaft Mining
31:43 Perfusion
31:42 Fletching
32:02 Forging
31:53 Scale Mail Armor
32:57 Chemistry
32:13 Murder Holes
31:59 Treadmill Crane
33:14 Crop Rotation
33:21 Conscription
32:23 Halberdier
33:29 Masonry
34:48 Two-Man Saw
34:15 Anarchy
34:51 Bodkin Arrow
35:32 Iron Casting
35:12 Chain Mail Armor
35:27 Ballistics
37:25 Architecture
36:55 Elite Huskarl
38:37 Blast Furnace
37:40 Padded Archer Armor
38:27 Town Patrol
40:08 Caravan
43:30 Leather Archer Armor
43:16 Bracer
48:01 Ring Archer Armor
QNa_NguaHoang
1:17 Loom
13:16 Feudal Age
17:23 Castle Age
16:01 Double-Bit Axe
15:57 Horse Collar
22:02 Husbandry
31:20 Bow Saw
33:58 Wheelbarrow
34:51 Heavy Plow
38:36 Hand Cart
46:43 Imperial Age
44:58 Elite Skirmisher
46:02 Squires
48:24 Two-Man Saw
A_T_k
3:46 Loom
11:07 Feudal Age
15:07 Castle Age
13:35 Double-Bit Axe
13:44 Horse Collar
18:21 Stone Mining
19:36 Bow Saw
21:37 Wheelbarrow
23:15 Heavy Plow
24:49 Town Watch
25:09 Gold Mining
27:12 Scale Mail Armor
28:11 Hand Cart
31:23 Imperial Age
29:36 Forging
30:28 Chain Mail Armor
30:57 Iron Casting
31:16 Gold Shaft Mining
31:29 Squires
31:15 Arson
32:40 Plate Mail Armor
32:42 Conscription
31:55 Capped Ram
32:52 Fletching
32:28 Onager
33:45 Siege Engineers
33:22 Hamask
34:21 Elite Jomsviking
35:04 Siege Onager
35:49 Bodkin Arrow
36:48 Caravan
36:34 Siege Ram
37:27 Scale Barding Armor
38:33 Blast Furnace
38:32 Chain Barding Armor
40:25 Hoardings
39:51 Northmen's Fury
41:02 Bloodlines
40:53 Husbandry
40:14 Light Cavalry
41:31 Plate Barding Armor
43:48 Coinage
BLADE
1:12 Loom
11:21 Feudal Age
15:32 Castle Age
13:34 Double-Bit Axe
15:02 Horse Collar
18:40 Bow Saw
26:02 Heavy Plow
26:50 Wheelbarrow
32:37 Imperial Age
31:50 Hand Cart
31:50 Gold Mining
32:41 Scale Mail Armor
32:51 Forging
32:05 Pikeman
32:30 Arson
32:46 Town Watch
33:26 Halberdier
34:32 Chain Mail Armor
36:06 Masonry
36:56 Man-at-Arms
38:13 Iron Casting
39:59 Blast Furnace
41:19 Crop Rotation
42:21 Conscription
42:01 Long Swordsman
42:33 Fletching
43:47 Two-Handed Swordsman
45:50 Hoardings
45:21 Bodkin Arrow
Si TôT
6:56 Loom
9:40 Feudal Age
9:14 Double-Bit Axe
17:28 Forging
18:34 Wheelbarrow
19:55 Scale Barding Armor
22:44 Castle Age
21:33 Horse Collar
23:14 Cavalier
24:31 Chain Barding Armor
24:39 Husbandry
33:26 Stone Mining
33:57 Hand Cart
37:11 Iron Casting
39:38 Imperial Age
39:24 Gold Mining
39:39 Onager
41:59 Plate Barding Armor
41:34 Paladin
45:20 Fletching
Doomsday
2:06 Loom
11:58 Feudal Age
15:58 Castle Age
14:40 Double-Bit Axe
24:53 Bow Saw
25:17 Horse Collar
27:03 Stone Mining
27:08 Gold Mining
28:00 Wheelbarrow
29:21 Hand Cart
29:23 Heavy Plow
30:07 Gold Shaft Mining
30:10 Stone Shaft Mining
32:33 Imperial Age
30:20 Scale Barding Armor
31:04 Forging
32:31 Chain Barding Armor
32:47 Iron Casting
32:24 Bloodlines
32:15 Husbandry
32:42 Caravan
32:28 Elite War Elephant
33:30 Conscription
33:49 Crop Rotation
34:24 Two-Man Saw
34:06 Plate Barding Armor
36:24 Blast Furnace
36:46 Fletching
37:21 Ballistics
38:02 Chemistry
42:19 Cavalier
43:27 Savar
46:33 Padded Archer Armor
46:45 Thumb Ring
47:44 Bodkin Arrow
citrusspecialist
0:56 Loom
11:29 Feudal Age
13:50 Padded Archer Armor
21:38 Castle Age
20:03 Fletching
20:21 Horse Collar
20:30 Double-Bit Axe
21:57 Crossbowman
23:26 Bow Saw
24:22 Wheelbarrow
23:56 Gold Mining
24:10 Bodkin Arrow
24:30 Leather Archer Armor
28:58 Gold Shaft Mining
29:26 Stone Mining
29:53 Town Watch
30:31 Ballistics
31:22 Heavy Plow
32:41 Leather Archer Armor
36:19 Imperial Age
35:18 Yeomen
37:33 Ring Archer Armor
37:04 Bracer
36:51 Arbalester
38:21 Hand Cart
40:03 Town Patrol
42:26 Bracer
44:01 Chemistry
Connection lost

Rejoining the realm…

Still unreachable

The connection could not be restored.

Session expired

The server has moved on; the page needs a fresh start.